General information
- name: BNet
- type: Ladder team game (AT/RT)
- host: Battle.net
- saver: KuKuKu
map: TwilightRuins
- players: 8
- length: 18:38
- speed: Fast
- version: 1.26 W3XP
- replay type: Public
» download(116 KB)
Players
team 1 (winner)

»
Real_Engineer (
purple | 60 APM | 1115 actions | 18:36)
5 Keeper of the Grove
3 Entangling Roots
2 Thorns Aura
4 Priestess of the Moon
2 Trueshot Aura
2 Scout
» actions
| Assign group hotkey | 36 | |
| Build / train | 59 | |
| ESC pressed | 3 | |
| Enter build submenu | 24 | |
| Enter hero's abilities submenu | 10 | |
| Right click | 470 | |
| Select / deselect | 208 | |
| Select group hotkey | 223 | |
| Use ability | 82 | |
1115 total
» units
| Wisp | 20 | |
| Archer | 4 | |
| Goblin Shredder | 2 | |
| Dryad | 4 | |
| Druid of the Claw | 3 | |
33 total
» upgrades
| Strength of the Wild | 3 | |
| Reinforced Hides | 3 | |
| Abolish Magic | 1 | |
| Druid of the Claw Training | 2 | |
| Well Spring | 1 | |
| Ultravision | 1 | |
| Mark of the Claw | 1 | |
| Nature's Blessing | 1 | |
13 total
» buildings
| Altar of Elders | 1 | |
| Moon Well | 9 | |
| Ancient of War | 1 | |
| Tree of Life | 1 | |
| Tree of Ages | 1 | |
| Hunter's Hall | 1 | |
| Ancient of Lore | 4 | |
| Tree of Eternity | 1 | |
| Ancient of Wonders | 1 | |
| Ancient Protector | 7 | |
27 total
» build order
00:10 Altar of Elders
00:24 Moon Well
00:57 Ancient of War
01:30 Moon Well
02:22 Moon Well
03:43 Tree of Life
03:45 Tree of Ages
03:59 Hunter's Hall
05:30 Moon Well
05:33 Moon Well
05:34 Moon Well
07:25 Ancient of Lore
07:43 Ancient of Lore
08:36 Tree of Eternity
08:38 Ancient of Lore
08:45 Ancient of Lore
10:48 Ancient of Wonders
11:29 Ancient Protector
11:31 Ancient Protector
11:32 Ancient Protector
11:33 Ancient Protector
11:34 Ancient Protector
14:30 Moon Well
14:32 Moon Well
14:34 Moon Well
14:36 Ancient Protector
14:37 Ancient Protector

»
KuKuKu (
red | 94 APM | 1754 actions | 18:38)
6 Blood Mage
3 Flame Strike
2 Siphon Mana
1 Summon Phoenix
» actions
| Assign group hotkey | 45 | |
| Basic commands | 69 | |
| Build / train | 147 | |
| ESC pressed | 8 | |
| Enter build submenu | 54 | |
| Enter hero's abilities submenu | 6 | |
| Give item / drop item | 4 | |
| Right click | 484 | |
| Select / deselect | 291 | |
| Select group hotkey | 493 | |
| Use ability | 153 | |
1754 total
» units
| Peasant | 27 | |
| Footman | 16 | |
| Goblin Shredder | 2 | |
| Goblin Zeppelin | 1 | |
| Sorceress | 1 | |
| Goblin Sapper | 2 | |
| Dragonhawk Rider | 3 | |
| Gryphon Rider | 2 | |
54 total
» upgrades
| Masonry | 3 | |
| Defend | 1 | |
| Lumber Harvesting | 2 | |
| Swords | 3 | |
| Sorceress Training | 2 | |
| Magic Sentry | 1 | |
| Animal War Training | 1 | |
| Armor | 3 | |
| Cloud | 1 | |
| Storm Hammers | 1 | |
| Backpack | 1 | |
| Long Rifles | 1 | |
20 total
» buildings
| Altar of Kings | 1 | |
| Barracks | 1 | |
| Farm | 15 | |
| Town Hall | 1 | |
| Arcane Vault | 1 | |
| Scout Tower | 21 | |
| Lumber Mill | 1 | |
| Arcane Tower | 2 | |
| Keep | 3 | |
| Guard Tower | 25 | |
| Blacksmith | 1 | |
| Arcane Sanctum | 1 | |
| Castle | 1 | |
| Gryphon Aviary | 6 | |
80 total
» build order
00:10 Altar of Kings
00:12 Barracks
00:18 Farm
00:55 Farm
01:45 Farm
02:44 Farm
03:40 Town Hall
04:42 Arcane Vault
04:58 Scout Tower
05:30 Lumber Mill
05:35 Arcane Tower
05:39 Keep
05:39 Keep
05:40 Keep
05:58 Scout Tower
05:59 Scout Tower
06:02 Scout Tower
06:04 Scout Tower
06:34 Farm
06:39 Guard Tower
06:39 Guard Tower
06:46 Blacksmith
07:30 Guard Tower
07:31 Guard Tower
07:31 Guard Tower
07:37 Scout Tower
07:39 Scout Tower
07:41 Scout Tower
07:42 Scout Tower
08:01 Arcane Sanctum
08:25 Scout Tower
08:28 Scout Tower
08:32 Guard Tower
08:33 Guard Tower
08:33 Guard Tower
08:39 Scout Tower
08:40 Scout Tower
08:46 Castle
09:04 Guard Tower
09:48 Guard Tower
09:48 Guard Tower
10:19 Scout Tower
10:19 Scout Tower
10:20 Scout Tower
10:21 Scout Tower
10:28 Scout Tower
10:30 Scout Tower
10:31 Scout Tower
10:31 Scout Tower
11:06 Guard Tower
11:06 Guard Tower
11:07 Guard Tower
11:07 Guard Tower
11:08 Guard Tower
11:56 Farm
11:56 Farm
11:57 Farm
11:58 Farm
12:01 Farm
12:02 Farm
12:03 Farm
12:03 Farm
12:05 Guard Tower
12:05 Guard Tower
12:05 Guard Tower
12:22 Gryphon Aviary
12:23 Gryphon Aviary
12:24 Gryphon Aviary
12:25 Gryphon Aviary
13:37 Farm
13:38 Farm
16:12 Gryphon Aviary
16:13 Gryphon Aviary
» items
| Scroll of Regeneration | 6 | |
| Lesser Clarity Potion | 4 | |
| Scroll of Town Portal | 2 | |
| Potion of Healing | 1 | |
| Potion of Mana | 1 | |
| Boots of Speed | 1 | |
| Staff of Teleportation | 1 | |
| Periapt of Vitality | 1 | |
| Potion of Invisibility | 1 | |
| Pendant of Energy | 1 | |
19 total
amics33 (
orange | 29 APM | 544 actions | 18:36)
4 Blademaster
2 Wind Walk
2 Critical Strike
» actions
| Build / train | 42 | |
| Enter build submenu | 18 | |
| Enter hero's abilities submenu | 4 | |
| Remove unit from queue | 3 | |
| Right click | 248 | |
| Select / deselect | 199 | |
| Use ability | 30 | |
544 total
» units
| Peon | 10 | |
| Troll Batrider | 7 | |
| Goblin Shredder | 1 | |
| Wind Rider | 6 | |
24 total
» upgrades
| Spiked Barricades | 1 | |
| Ranged Weapons | 1 | |
| Armor | 2 | |
| Liquid Fire | 1 | |
| Envenomed Spears | 1 | |
6 total
» buildings
| Altar of Storms | 1 | |
| Orc Burrow | 8 | |
| Voodoo Lounge | 1 | |
| War Mill | 1 | |
| Watch Tower | 5 | |
| Stronghold | 1 | |
| Fortress | 1 | |
| Beastiary | 2 | |
20 total
» build order
00:05 Altar of Storms
00:10 Orc Burrow
00:47 Voodoo Lounge
01:41 Orc Burrow
02:10 War Mill
02:28 Orc Burrow
03:28 Orc Burrow
03:32 Watch Tower
04:04 Stronghold
04:38 Watch Tower
04:49 Watch Tower
05:55 Orc Burrow
06:01 Orc Burrow
06:33 Fortress
07:00 Beastiary
07:29 Beastiary
09:25 Orc Burrow
10:49 Watch Tower
10:55 Watch Tower
16:48 Orc Burrow
» items
| Healing Salve | 1 | |
| Orb of Lightning | 1 | |
2 total
Ludacrits (
yellow | 38 APM | 701 actions | 18:36)
5 Far Seer
3 Feral Spirit
2 Chain Lighting
4 Shadow Hunter
2 Healing Wave
2 Hex
» actions
| Assign group hotkey | 14 | |
| Basic commands | 60 | |
| Build / train | 56 | |
| Enter build submenu | 16 | |
| Enter hero's abilities submenu | 9 | |
| Give item / drop item | 4 | |
| Remove unit from queue | 2 | |
| Right click | 278 | |
| Select / deselect | 180 | |
| Select group hotkey | 39 | |
| Use ability | 43 | |
701 total
» units
| Peon | 11 | |
| Grunt | 5 | |
| Shaman | 8 | |
| Kodo Beast | 1 | |
| Raider | 4 | |
29 total
» upgrades
| Armor | 3 | |
| Melee Weapons | 3 | |
| Witch Doctor Training | 0 | |
| Shaman Training | 2 | |
| Berserker Strength | 1 | |
| War Drums Damage Increase | 1 | |
| Ensnare | 1 | |
| Burning Oil | 1 | |
12 total
» buildings
| Altar of Storms | 1 | |
| Orc Burrow | 6 | |
| Barracks | 1 | |
| Stronghold | 1 | |
| War Mill | 1 | |
| Spirit Lodge | 1 | |
| Fortress | 1 | |
| Great Hall | 1 | |
| Beastiary | 1 | |
14 total
» build order
00:16 Altar of Storms
00:25 Orc Burrow
00:34 Barracks
01:25 Orc Burrow
03:20 Stronghold
04:03 War Mill
04:32 Orc Burrow
05:17 Orc Burrow
06:21 Spirit Lodge
07:28 Fortress
08:50 Great Hall
13:53 Beastiary
15:48 Orc Burrow
16:25 Orc Burrow
team 2 (loser)

»
Spectral_leader (
blue | 29 APM | 535 actions | 18:36)
5 Mountain King
3 Storm Bolt
2 Bash
» actions
| Basic commands | 3 | |
| Build / train | 40 | |
| Enter build submenu | 25 | |
| Enter hero's abilities submenu | 5 | |
| Remove unit from queue | 1 | |
| Right click | 238 | |
| Select / deselect | 192 | |
| Use ability | 31 | |
535 total
» units
» upgrades
| Masonry | 0 | |
| Lumber Harvesting | 2 | |
| Swords | 3 | |
| Storm Hammers | 1 | |
| Armor | 2 | |
8 total
» buildings
| Keep | 1 | |
| Altar of Kings | 1 | |
| Farm | 15 | |
| Lumber Mill | 1 | |
| Scout Tower | 2 | |
| Castle | 1 | |
| Arcane Tower | 2 | |
| Blacksmith | 1 | |
| Gryphon Aviary | 3 | |
27 total
» build order
01:51 Keep
02:00 Altar of Kings
02:08 Farm
02:13 Farm
02:47 Farm
02:56 Farm
03:19 Lumber Mill
03:30 Farm
03:40 Farm
04:09 Scout Tower
04:14 Castle
04:29 Farm
05:02 Arcane Tower
05:10 Farm
05:23 Farm
05:46 Farm
06:10 Blacksmith
06:24 Scout Tower
06:36 Gryphon Aviary
06:55 Arcane Tower
07:16 Gryphon Aviary
08:11 Gryphon Aviary
10:42 Farm
10:43 Farm
12:25 Farm
13:15 Farm
14:14 Farm
» items

»
moanin_mongoose (
teal | 26 APM | 463 actions | 17:39)
4 Demon Hunter
2 Mana Burn
2 Evasion
1 Priestess of the Moon
1 Trueshot Aura
» actions
| Assign group hotkey | 2 | |
| Build / train | 51 | |
| Enter build submenu | 20 | |
| Enter hero's abilities submenu | 5 | |
| Give item / drop item | 3 | |
| Remove unit from queue | 2 | |
| Right click | 174 | |
| Select / deselect | 164 | |
| Select group hotkey | 6 | |
| Use ability | 36 | |
463 total
» units
| Wisp | 19 | |
| Archer | 12 | |
| Huntress | 2 | |
| Hippogryph | 4 | |
37 total
» upgrades
| Hippogryph Taming | 1 | |
| Improved Bows | 0 | |
| Strength of the Moon | 1 | |
| Moon Armor | 1 | |
3 total
» buildings
| Altar of Elders | 1 | |
| Moon Well | 5 | |
| Ancient of War | 3 | |
| Ancient of Wonders | 1 | |
| Hunter's Hall | 1 | |
| Tree of Life | 1 | |
| Tree of Ages | 1 | |
| Tree of Eternity | 1 | |
| Ancient of Wind | 4 | |
| Chimaera Roost | 2 | |
20 total
» build order
00:09 Altar of Elders
00:15 Moon Well
00:31 Ancient of War
01:33 Moon Well
02:22 Moon Well
02:49 Moon Well
03:07 Ancient of Wonders
05:20 Hunter's Hall
06:47 Tree of Life
07:15 Tree of Ages
08:23 Moon Well
10:50 Tree of Eternity
10:55 Ancient of Wind
10:58 Ancient of Wind
11:00 Ancient of Wind
11:59 Ancient of Wind
13:13 Ancient of War
13:56 Ancient of War
15:11 Chimaera Roost
15:17 Chimaera Roost

»
ColdCruiser (
green | 38 APM | 553 actions | 14:34)
3 Death Knight
2 Death Coil
1 Unholy Aura
» actions
| Assign group hotkey | 5 | |
| Basic commands | 9 | |
| Build / train | 38 | |
| Enter build submenu | 14 | |
| Enter hero's abilities submenu | 3 | |
| Right click | 177 | |
| Select / deselect | 166 | |
| Select group hotkey | 107 | |
| Use ability | 34 | |
553 total
» units
| Acolyte | 7 | |
| Ghoul | 13 | |
| Necromancer | 4 | |
24 total
» upgrades
| Unholy Armor | 1 | |
| Unholy Strength | 2 | |
| Necromancer Training | 2 | |
5 total
» buildings
| Ziggurat | 4 | |
| Altar of Darkness | 1 | |
| Crypt | 2 | |
| Nerubian Tower | 2 | |
| Graveyard | 1 | |
| Halls of the Dead | 1 | |
| Spirit Tower | 1 | |
| Temple of the Damned | 2 | |
| Black Citadel | 1 | |
15 total
» build order
00:09 Ziggurat
00:13 Altar of Darkness
00:37 Crypt
01:02 Nerubian Tower
01:25 Ziggurat
01:56 Graveyard
03:06 Ziggurat
03:18 Halls of the Dead
04:11 Spirit Tower
04:13 Nerubian Tower
04:46 Ziggurat
05:24 Crypt
05:47 Temple of the Damned
06:56 Temple of the Damned
07:41 Black Citadel
Kashif (
pink | 51 APM | 913 actions | 17:59)
4 Dreadlord
2 Sleep
2 Vampiric Aura
2 Death Knight
1 Death Coil
1 Unholy Aura
» actions
| Assign group hotkey | 28 | |
| Build / train | 59 | |
| Enter build submenu | 16 | |
| Enter hero's abilities submenu | 6 | |
| Right click | 379 | |
| Select / deselect | 159 | |
| Select group hotkey | 224 | |
| Use ability | 42 | |
913 total
» units
| Acolyte | 10 | |
| Ghoul | 11 | |
| Crypt Fiend | 8 | |
| Goblin Shredder | 1 | |
30 total
» upgrades
| Creature Attack | 2 | |
| Creature Carapace | 2 | |
| Web | 1 | |
5 total
» buildings
| Altar of Darkness | 1 | |
| Crypt | 2 | |
| Ziggurat | 6 | |
| Graveyard | 1 | |
| Tomb of Relics | 1 | |
| Nerubian Tower | 2 | |
| Spirit Tower | 3 | |
| Halls of the Dead | 1 | |
17 total
» build order
00:10 Altar of Darkness
00:13 Crypt
00:22 Ziggurat
01:10 Graveyard
02:02 Ziggurat
02:27 Tomb of Relics
02:41 Nerubian Tower
03:47 Spirit Tower
04:39 Halls of the Dead
05:02 Ziggurat
08:13 Ziggurat
09:25 Crypt
09:37 Ziggurat
12:16 Nerubian Tower
12:19 Spirit Tower
12:27 Ziggurat
14:26 Spirit Tower
» items
| Potion of Invulnerability | 4 | |
| Scroll of Town Portal | 2 | |
| Potion of Healing | 2 | |
8 total
Chat log
(00:17 / Allies) amics33: unins
(00:20 / Allies) amics33: units?
(00:52 / Allies) Real_Engineer: ahhh, dryads bears
(01:11 / Allies) KuKuKu: I'm going blood mage
(01:13 / Allies) Ludacrits: shaman and the net guys
(03:38 / Allies) Ludacrits: lagggy
(04:03 / All) KuKuKu: god dammit get off of dialup
(06:41 / Allies) amics33: can i get some wood pleae
(06:47 / Allies) Real_Engineer: none extra yet
(06:52 / Allies) amics33: okay
(06:57 / Allies) Real_Engineer: get a shredder
(07:04 / Allies) amics33: okay
(09:07 / Allies) Real_Engineer: gj red
(09:09 / Allies) KuKuKu: ty
(09:39 / Allies) Ludacrits: oj bring your hero here
(09:46 / Allies) Ludacrits: OJ
(09:47 / Allies) amics33: where
(09:52 / Allies) Ludacrits: i gave him items
(09:54 / Allies) amics33: thanks
(10:55 / Allies) Real_Engineer: lets meet
(10:58 / Allies) Real_Engineer: yellow OJ, come
(11:17 / Allies) Ludacrits: come where
(12:39 / All) Real_Engineer: why even try lol
(12:47 / All) KuKuKu: I killed green's mine with just a blood mage
(12:55 / All) Real_Engineer: lol
(12:57 / All) moanin_mongoose: lol my fucking tp wouldnt go
(13:37 / Allies) Real_Engineer: gj
(13:42 / Allies) Real_Engineer: careful
(13:43 / Allies) Real_Engineer: fiends
(13:47 / Allies) Real_Engineer: yello
(13:49 / Allies) Ludacrits: i need lumber
(13:51 / All) KuKuKu: watch out pink
(14:38 / All) KuKuKu: lol
(14:50 / Allies) Real_Engineer: meet
(14:51 / All) moanin_mongoose: did he ever think to make a tower?
(14:55 / All) KuKuKu: He had towers
(14:59 / All) KuKuKu: I think one
(15:02 / All) KuKuKu: It didn't matter
(15:06 / All) KuKuKu: Blood mage too strong
(15:16 / Allies) Real_Engineer: oj come
(15:19 / Allies) Real_Engineer: kk
(15:20 / Allies) amics33: coming
(15:21 / All) KuKuKu: HERE GOES PINK!
(16:02 / All) KuKuKu: I don't think I'm going to have to use more than my hero or go over 50 foode
(16:45 / Allies) Ludacrits: move your army
(17:27 / All) KuKuKu: WELCOME TO FOOD BLOCK HELL!
(17:45 / All) Real_Engineer: wow, owned.
(17:53 / All) KuKuKu: Blood mage is perfectly balanced
(17:53 / All) Spectral_leader: my team blowed
(17:55 / All) Kashif: gg
(17:56 / All) KuKuKu: gg
(18:24 / All) Spectral_leader: gg
(18:26 / All) KuKuKu: gg